 Dungeon Crawl Stone Soup version 0.22.1-1-ga44c0e56f4 (webtiles) character file.

58811 Debik the Earth Mage (level 14, -12/86 HPs)
             Began as a Gargoyle Earth Elementalist on Oct 16, 2018.
             Was an Elder of Vehumet.
             Hit by a large rock thrown by a stone giant (40 damage)
             ... on level 10 of the Dungeon.
             The game lasted 00:58:53 (22493 turns).

Debik the Earth Mage (Gargoyle Earth Elementalist) Turns: 22493, Time: 00:58:54

Health: -12/86     AC: 22    Str: 14    XL:     14   Next: 92%
Magic:  17/31      EV: 14    Int: 19    God:    Vehumet [****..]
Gold:   1846       SH:  6    Dex: 12    Spells: 12/40 levels left

rFire    + . .     SeeInvis .   a - staff of fire
rCold    + . .     Gourm    .   g - +2 buckler
rNeg     + . .     Faith    .   y - +1 robe {rC+}
rPois    ∞         Spirit   .   k - +0 helmet
rElec    +         Reflect  .   E - +1 cloak
rCorr    .         Harm     .   H - +1 pair of gloves {archery}
MR       ++...                  (no boots)
Stlth    +++.......             J - amulet of the acrobat
HPRegen  0.24/turn              B - ring of protection from magic
MPRegen  0.22/turn              c - +4 ring of protection

@: about to teleport, flying
A: big wings, agile 1, dopey 1, negative energy resistance 1, electricity
resistance, strong 1, unbreathing, petrification resistance, rot immunity, AC
+10
a: Stop Flying, Renounce Religion


You were on level 10 of the Dungeon.
You worshipped Vehumet.
Vehumet was greatly pleased with you.
You were not hungry.

You visited 3 branches of the dungeon, and saw 18 of its levels.
You also visited: Bailey.

You collected 2539 gold pieces.
You spent 693 gold pieces at shops.

Inventory:

Hand Weapons
 p - a +2 war axe of flaming
Missiles
 r - 45 stones (quivered)
 F - 2 throwing nets
Armour
 g - a +2 buckler (worn)
 k - a +0 helmet (worn)
 y - a +1 robe of cold resistance (worn)
 E - a +1 cloak (worn)
 H - a +1 pair of gloves of archery (worn)
Magical Staves
 a - an uncursed staff of fire (weapon)
Jewellery
 c - a +4 ring of protection (right hand)
 h - an uncursed ring of protection from cold
 q - an uncursed amulet of the gourmand
 t - an uncursed ring of fire
 B - a ring of protection from magic (left hand)
 J - an amulet of the acrobat (around neck)
 M - an uncursed ring of resist corrosion {unknown}
Wands
 b - a wand of clouds (13)
 o - a wand of scattershot (5)
 G - a wand of iceblast (16)
Scrolls
 f - 5 scrolls of amnesia
 m - 3 scrolls of magic mapping
 n - 5 scrolls of teleportation
 u - 3 scrolls of blinking
 w - 4 scrolls of identify
 A - 3 scrolls of remove curse
 I - a scroll of fog
Potions
 e - 2 potions of brilliance
 i - a potion of agility
 j - 2 potions of lignification
 l - 2 potions of curing
 s - a potion of mutation
 v - 4 potions of haste
 x - 6 potions of magic
 z - 3 potions of resistance
 C - 2 potions of invisibility
 D - a potion of ambrosia
 K - 4 potions of heal wounds
 L - a potion of might
Comestibles
 d - 45 rations


   Skills:
 * Level 9.2 Fighting
   Level 2.0 Short Blades
 + Level 5.4 Axes
 + Level 1.3 Staves
 + Level 1.1 Throwing
 + Level 5.6 Dodging
 + Level 4.8 Stealth
 + Level 3.1 Shields
 + Level 13.6 Spellcasting
 + Level 8.8 Conjurations
 + Level 1.8 Transmutations
 + Level 5.4 Fire Magic
 + Level 15.1 Earth Magic


You had 12 spell levels left.
You knew the following spells:

 Your Spells              Type           Power        Failure   Level  Hunger
a - Sandblast             Erth           ######       0%          1    None
d - Lee's Rapid Deconstr  Erth           ######....   1%          5    ####...
e - Stone Arrow           Conj/Erth      ######       1%          3    None
f - Fireball              Conj/Fire      ######....   2%          5    ####...
q - Regeneration          Chrm/Necr      ##........   17%         3    None
r - Iron Shot             Conj/Erth      ######....   1%          6    #####..
z - Irradiate             Conj/Tmut      ####......   4%          5    ####...

Your spell library contained the following spells:

 Spells                   Type           Power        Failure   Level  Hunger
 Flame Tongue             Conj/Fire      #####        1%          1    None
 Magic Dart               Conj           ####         1%          1    None
 Passwall                 Tmut/Erth      #####...     1%          2    None
 Searing Ray              Conj           #####.       1%          2    None
 Throw Flame              Conj/Fire      ######       1%          2    None
 Dazzling Spray           Conj/Hex       ####..       1%          3    None
 Ignite Poison            Fire/Tmut/Pois ####....     1%          3    None
 Iskenderun's Mystic Bla  Conj           #####...     1%          4    None
 Petrify                  Tmut/Erth      #####...     1%          4    None
 Bolt of Magma            Conj/Fire/Erth ######....   1%          5    ####...
 Force Lance              Conj/Tloc      ####....     2%          4    None
 Fulminant Prism          Conj/Hex       ####......   2%          4    None
 Infusion                 Chrm           ##..         6%          1    None
 Summon Small Mammal      Summ           ##..         6%          1    None
 Iskenderun's Battlesphe  Conj/Chrm      ####....     7%          5    ####...
 Venom Bolt               Conj/Pois      ####......   7%          5    ####...
 Call Imp                 Summ           ##......     9%          2    None
 Shroud of Golubria       Chrm/Tloc      ##........   9%          2    None
 Song of Slaying          Chrm           ##......     9%          2    None
 Call Canine Familiar     Summ           ##......     17%         3    None
 Spectral Weapon          Hex/Chrm       ##......     17%         3    None
 Summon Guardian Golem    Hex/Summ       ##......     17%         3    None
 Orb of Destruction       Conj           #####.....   30%         7    #######
 Summon Ice Beast         Ice/Summ       ##......     50%         4    None
 Summon Lightning Spire   Summ/Air       ##......     50%         4    None
 Alistair's Intoxication  Tmut/Pois      ###.....     71%         5    ####...
 Excruciating Wounds      Chrm/Necr      ##........   85%         5    ####...
 Spellforged Servitor     Conj/Summ      ####......   86%         7    #######
 Deflect Missiles         Chrm/Air       ##........   100%        6    #####..
 Ring of Flames           Chrm/Fire      ####......   100%        7    #######
 Sublimation of Blood     Necr           Unusable     N/A         2    N/A

Dungeon Overview and Level Annotations

Branches:
Dungeon (11/15)            Temple (1/1) D:5            Lair (6/6) D:11
 Shoals (0/4) Lair:4       Spider (0/4) Lair:2        Slime (0/5) Lair:5
    Orc: D:9-12

Altars:
Ashenzari
Cheibriados
Dithmenos
Elyvilon
Fedhas
Gozag
Hepliaklqana
Kikubaaqudgha
Makhleb
Nemelex Xobeh
Okawaru
Qazlal
Ru
Sif Muna
Trog
Uskayaw
Vehumet
Wu Jian
Xom
Yredelemnul
Zin
The Shining One
Jiyva

Shops:
D:5 *

Annotations:
Lair:1 3 runed doors, wiperr's ghost, novice FoFi
Lair:5 1 runed door


Innate Abilities, Weirdness & Mutations

You are resistant to torment.
Your stone body is resilient. (AC +10)
You are immune to poison.
Your large and strong wings let you fly indefinitely.
You resist negative energy. (rN+)
You are resistant to electric shocks. (rElec)
You can survive without breathing.
You are immune to petrification.
You are immune to rotting.
You are agile. (Dex +2)
You are dopey. (Int -2)
Your muscles are strong. (Str +2)


Message History

Casting: Lee's Rapid Deconstruction (safe; 1% risk of failure)
Confirm with . or Enter, or press ? or * to list all spells.
Aiming: Lee's Rapid Deconstruction (safe; 1% risk of failure)
Press: ? - help, Dir - move target cursor A stone wall.
The wall shatters!
The blast of rock fragments hits the stone giant.
The stone giant throws a large rock.
The large rock hits you!
Casting: Lee's Rapid Deconstruction (safe; 1% risk of failure)
Confirm with . or Enter, or press ? or * to list all spells.
Aiming: Lee's Rapid Deconstruction (safe; 1% risk of failure)
Press: ? - help, Dir - move target cursor A stone wall.
The wall shatters!
The blast of rock fragments hits the stone giant.
The stone giant throws a large rock.
The large rock hits you!!
As you read the scroll of teleportation, it crumbles to dust.
You feel strangely unstable.
The stone giant throws a large rock.
The large rock hits you!!!
You die...

......# #..#..#.#.#.##..#!####..
......# #..#..###.#.######).##.[
......####..#..# #.#.# #...#####.
............#... ###.######....#.
..........÷.#.... #.#.....#####.
......###......### #########.##..
......# #..##### .|#|# #..##..
......# #..#.C..######.####..##..
..###.# #..#####@..#.#.#.##..##..
..# #.# #...##).####.#.#.###.##..
..# #.# #...####(#...#.#.#.#.##..
..# #.# #...##..##...##.#.#..##..
..# #.# #...##..##...##.#.#..##..
..# #.# #...##..##...##.###..##..
..# #.# #...##..##...##.# #..##..
..###.###...##..##...######..##..
................##...............


You could see a stone giant.

Vanquished Creatures
  A fire giant (D:10)
  A frost giant (D:10)
  Snorg (D:11)
  A fire dragon (D:10)
  6 hydras
  An ice dragon (Lair:6)
  2 catoblepae
  4 two-headed ogres (D:10)
  Nergalle (D:11)
  2 lindwurms (Lair:6)
  Pikel (D:4)
  A wolf spider (Lair:6)
  A manticore (D:11)
  A guardian serpent (Lair:6)
  4 elephants (Lair:5)
  10 black mambas
  15 spiny frogs
  2 centaur skeletons (D:10)
  7 torpor snails
  9 komodo dragons
  5 rime drakes
  3 trolls (D:11)
  Grinder (D:5)
  3 tyrant leeches (Lair:6)
  2 polar bears
  8 hornets (Lair:6)
  A snapping turtle (Lair:4)
  2 dream sheep (Lair:3)
  20 blink frogs
  6 hippogriffs
  4 spriggans
  A shadow (D:10)
  Sigmund (D:6)
  A wraith (D:10)
  3 redbacks (Lair:6)
  21 wyverns
  17 yaks
  A hungry ghost (D:8)
  A steam dragon (D:7)
  17 water moccasins
  12 porcupines
  A slave (D:4)
  2 ice beasts
  2 phantoms
  6 orc warriors
  5 black bears
  2 sky beasts
  3 necrophages
  11 wolves
  A centaur (D:10)
  9 ogres
  14 crocodiles
  13 bullfrogs
  8 gnoll sergeants (Bailey)
  A wyvern skeleton (D:7)
  7 scorpions
  5 killer bees (D:11)
  3 wights (D:6)
  8 howler monkeys
  3 electric eels
  11 crimson imps
  3 bullfrog zombies
  A centaur zombie (D:6)
  7 hounds
  6 gnoll shamans (Bailey)
  4 jellies
  A quasit (D:7)
  6 orc priests
  6 orc wizards
  2 bullfrog skeletons
  2 iguanas
  Ijyb (D:4)
  Natasha (thrice) (D:2)
  4 worker ants
  A hound zombie (D:5)
  A hound skeleton (D:9)
  A howler monkey zombie (D:11)
  A worker ant zombie (D:5)
  14 gnolls (Bailey)
  6 adders
  4 shadow imps
  An ooze (D:1)
  2 adder zombies
  An adder skeleton (D:9)
  3 worms
  A dart slug (D:2)
  5 leopard geckos
  41 orcs
  A ball python (D:8)
  5 giant cockroaches
  8 goblins
  9 hobgoblins
  12 jackals
  7 kobolds
  8 quokkas
  7 bats
  5 frilled lizards
  26 rats
  4 plants
536 creatures vanquished.

Vanquished Creatures (others)
  A human (D:9)
  22 fungi
  27 plants
50 creatures vanquished.

Grand Total: 586 creatures vanquished

Notes
Turn   | Place    | Note
-------+----------+-------------------------------------------
     0 | D:1      | Debik the Gargoyle Earth Elementalist began the quest for
                  | the Orb.
     0 | D:1      | Reached XP level 1. HP: 10/10 MP: 3/3
    76 | D:1      | Reached XP level 2. HP: 7/15 MP: 0/5
   857 | D:2      | Reached XP level 3. HP: 17/19 MP: 4/7
   862 | D:2      | Learned a level 3 spell: Stone Arrow
   950 | D:2      | Reached skill level 4 in Earth Magic
  1032 | D:2      | Found a hide-covered altar of Uskayaw.
  1212 | D:2      | Reached XP level 4. HP: 18/24 MP: 2/8
  1465 | D:2      | Noticed Natasha
  1474 | D:2      | Killed Natasha
  1731 | D:2      | Noticed Natasha
  1736 | D:2      | Killed Natasha
  1736 | D:2      | Reached skill level 1 in Short Blades
  1736 | D:2      | Reached XP level 5. HP: 28/28 MP: 6/10
  1763 | D:2      | Noticed Natasha
  1777 | D:2      | Killed Natasha
  1946 | D:3      | Found a shattered altar of Ashenzari.
  2031 | D:3      | Found a deep blue altar of Sif Muna.
  2163 | D:3      | Learned a level 5 spell: Lee's Rapid Deconstruction
  2747 | D:4      | Reached XP level 6. HP: 33/33 MP: 9/12
  2828 | D:4      | Reached skill level 1 in Axes
  2864 | D:4      | Reached skill level 5 in Earth Magic
  2869 | D:4      | Reached skill level 1 in Fighting
  2906 | D:4      | Found a shadowy altar of Dithmenos.
  2919 | D:4      | Noticed Ijyb
  2929 | D:4      | Killed Ijyb
  2929 | D:4      | Reached XP level 7. HP: 29/38 MP: 4/13
  3160 | D:4      | Noticed Pikel
  3184 | D:4      | Killed Pikel
  3184 | D:4      | Reached skill level 5 in Spellcasting
  3184 | D:4      | Reached skill level 6 in Earth Magic
  3184 | D:4      | Reached XP level 8. HP: 29/44 MP: 6/16
  3429 | D:5      | Entered Level 5 of the Dungeon
  3465 | D:5      | Found a staircase to the Ecumenical Temple.
  3490 | Temple   | Entered the Ecumenical Temple
  3667 | D:5      | Noticed Grinder
  3672 | D:5      | Killed Grinder
  3672 | D:5      | Reached skill level 7 in Earth Magic
  3753 | D:5      | Found a radiant altar of Vehumet.
  3837 | D:5      | Found Icveliag's Elemental Accessories.
  3962 | D:5      | Reached skill level 1 in Conjurations
  4247 | D:5      | Reached XP level 9. HP: 16/49 MP: 11/18
  4928 | D:6      | Found a sacrificial altar of Ru.
  4929 | D:6      | Found a shimmering altar of Xom.
  4988 | D:6      | Reached skill level 8 in Earth Magic
  5121 | D:6      | Noticed Sigmund
  5124 | D:6      | Killed Sigmund
  6026 | D:5      | Became a worshipper of Vehumet
  6070 | D:7      | Reached skill level 9 in Earth Magic
  6081 | D:7      | Reached XP level 10. HP: 25/56 MP: 4/22
  6683 | D:7      | Found a flagged portal.
  6692 | Bailey   | Entered a bailey
  7000 | Bailey   | Reached skill level 5 in Axes
  7048 | Bailey   | Reached * piety under Vehumet
  7048 | Bailey   | Offered knowledge of Flame Tongue by Vehumet.
  8083 | D:8      | Found a shattered altar of Ashenzari.
  8134 | D:8      | Reached skill level 1 in Shields
  8465 | D:8      | Found a burning altar of Makhleb.
  8469 | D:8      | Offered knowledge of Throw Flame by Vehumet.
  8471 | D:8      | Found a glowing silver altar of Zin.
  8471 | D:8      | Noticed an angel
  8472 | D:8      | Noticed a balrug
  8495 | D:8      | Reached ** piety under Vehumet
  8582 | D:8      | Learned a level 3 spell: Regeneration
  8705 | D:5      | Bought the Catalogue of Flames for 693 gold pieces
  8711 | D:5      | Learned a level 5 spell: Fireball
  8965 | D:9      | Reached skill level 1 in Fire Magic
  9141 | D:9      | Found a sparkling altar of Nemelex Xobeh.
  9141 | D:9      | Found an opulent altar of Gozag.
  9186 | D:9      | Found a snail-covered altar of Cheibriados.
  9188 | D:9      | Found an ornate altar of the Wu Jian Council.
  9406 | D:9      | Found an ancient bone altar of Kikubaaqudgha.
  9522 | D:10     | Entered Level 10 of the Dungeon
  9533 | D:10     | Noticed a two-headed ogre
  9540 | D:10     | Killed a two-headed ogre
  9540 | D:10     | Reached skill level 10 in Earth Magic
  9540 | D:10     | Reached XP level 11. HP: 60/60 MP: 20/24
  9561 | D:10     | Found a shimmering altar of Xom.
  9564 | D:10     | Found a shimmering altar of Xom.
  9565 | D:10     | Found a shimmering altar of Xom.
  9565 | D:10     | Found a shimmering altar of Xom.
  9565 | D:10     | Found a shimmering altar of Xom.
  9565 | D:10     | Found a shimmering altar of Xom.
  9567 | D:10     | Found a shimmering altar of Xom.
  9728 | D:10     | Offered knowledge of Inner Flame by Vehumet.
 10016 | D:10     | Noticed a fire giant
 10225 | D:10     | Noticed a fire dragon
 10225 | D:10     | Noticed a catoblepas
 10234 | D:10     | Reached *** piety under Vehumet
 10315 | D:10     | Killed a catoblepas
 10606 | D:10     | Found a deep blue altar of Sif Muna.
 10620 | D:10     | Learned a level 6 spell: Iron Shot
 10742 | D:10     | Noticed a two-headed ogre
 10749 | D:10     | Killed a two-headed ogre
 10749 | D:10     | Reached skill level 5 in Conjurations
 10758 | D:10     | Reached skill level 11 in Earth Magic
 10778 | D:10     | Noticed a two-headed ogre
 10785 | D:10     | Killed a two-headed ogre
 11080 | D:10     | Noticed a two-headed ogre
 11088 | D:10     | Killed a two-headed ogre
 11088 | D:10     | Offered knowledge of Static Discharge by Vehumet.
 11088 | D:10     | Reached skill level 1 in Throwing
 11415 | D:11     | Noticed Snorg
 11420 | D:11     | Reached skill level 10 in Spellcasting
 11430 | D:11     | Killed Snorg
 11696 | D:11     | Noticed Nergalle
 11838 | D:11     | Noticed a manticore
 11845 | D:11     | Killed a manticore
 11845 | D:11     | Reached XP level 12. HP: 66/66 MP: 14/26
 11939 | D:11     | Killed Nergalle
 12124 | D:11     | Reached skill level 12 in Earth Magic
 12165 | D:11     | Found a staircase to the Lair.
 12170 | Lair:1   | Entered Level 1 of the Lair of Beasts
 12197 | Lair:1   | Reached **** piety under Vehumet
 12490 | Lair:1   | Reached skill level 5 in Fire Magic
 12856 | Lair:1   | Found a runed gate.
 12858 | Lair:1   | Noticed a death ooze
 12859 | Lair:1   | Found a runed gate.
 12859 | Lair:1   | Found a runed gate.
 12859 | Lair:1   | Found a viscous altar of Jiyva.
 12859 | Lair:1   | Noticed wiperr's ghost (novice FoFi)
 13031 | Lair:2   | Offered knowledge of Olgreb's Toxic Radiance by Vehumet.
 13185 | Lair:2   | Noticed a four-headed hydra
 13193 | Lair:2   | Killed a four-headed hydra
 13386 | Lair:2   | Reached skill level 5 in Fighting
 13451 | Lair:2   | You fall through a shaft for 2 floors!
 13454 | Lair:4   | Noticed a five-headed hydra
 13460 | Lair:4   | Killed a five-headed hydra
 13460 | Lair:4   | Reached skill level 13 in Earth Magic
 13644 | Lair:4   | Reached XP level 13. HP: 65/74 MP: 13/28
 13794 | Lair:4   | Reached ***** piety under Vehumet
 13859 | Lair:4   | Offered knowledge of Irradiate by Vehumet.
 13866 | Lair:4   | Learned a level 5 spell: Irradiate
 14127 | Lair:4   | Reached skill level 5 in Dodging
 14585 | Lair:4   | Found a staircase to the Shoals.
 16404 | Lair:2   | Found a hole to the Spider Nest.
 16626 | Lair:5   | Reached skill level 14 in Earth Magic
 17703 | Lair:5   | Found a runed door.
 17703 | Lair:5   | Found a viscous altar of Jiyva.
 17705 | Lair:5   | Noticed an acid blob
 17705 | Lair:5   | Noticed an acid blob
 17709 | Lair:5   | Found a staircase to the Slime Pits.
 17709 | Lair:5   | Noticed an acid blob
 17716 | Lair:5   | Reached skill level 1 in Transmutations
 18231 | Lair:6   | Entered Level 6 of the Lair of Beasts
 18231 | Lair:6   | Found a sacrificial altar of Ru.
 18578 | Lair:6   | Gained mutation: Your large and strong wings let you fly
                  | indefinitely. [Gargoyle growth]
 18578 | Lair:6   | Reached XP level 14. HP: 72/83 MP: 19/30
 19105 | Lair:6   | Reached skill level 1 in Staves
 19931 | Lair:6   | Found a runed door.
 20716 | Lair:6   | Reached skill level 15 in Earth Magic
 20743 | Lair:6   | Got a twisted leather armour
 20754 | Lair:6   | Identified the +2 leather armour of Theory {Dex+4} (You
                  | found it on level 6 of the Lair of Beasts)
 21883 | D:10     | Killed a fire giant
 22181 | D:10     | Noticed a frost giant
 22185 | D:10     | Killed a frost giant
 22204 | D:10     | Gained mutation: You are dopey. (Int -2) [mutagenic glow]
 22205 | D:10     | Lost mutation: You are dopey. (Int -2) [potion of mutation]
 22205 | D:10     | Gained mutation: You are agile. (Dex +2) [potion of
                  | mutation]
 22205 | D:10     | Gained mutation: You are dopey. (Int -2) [potion of
                  | mutation]
 22205 | D:10     | Gained mutation: Your muscles are strong. (Str +2) [potion
                  | of mutation]
 22299 | D:10     | Identified the Tome of Aid and Calling
 22489 | D:10     | Noticed a stone giant
 22493 | D:10     | Hit by a large rock thrown by a stone giant

Skill      XL: |  1  2  3  4  5  6  7  8  9 10 11 12 13 14 |
---------------+-------------------------------------------+-----
Earth Magic    | 4 5 6 7 9 10 11 13 14 15 | 15.1
Spellcasting   | 3 4 5 6 8 9 10 11 12 13 | 13.6
Dodging        | 2 3 4 5 |  5.6
Short Blades   | 1 2 |  2.0
Axes           | 1 2 3 4 5 |  5.4
Fighting       | 1 2 3 5 7 9 |  9.2
Stealth        | 3 4 |  4.8
Conjurations   | 1 2 4 5 6 7 8 |  8.8
Shields        | 1 2 3 |  3.1
Fire Magic     | 2 4 5 |  5.4
Throwing       | 1 |  1.1
Transmutations | 1 |  1.8
Staves         | 1 |  1.3

Action                   |  1- 3 |  4- 6 |  7- 9 | 10-12 | 13-15 || total
-------------------------+-------+-------+-------+-------+-------++-------
Melee: Dagger            |    32 |       |       |       |       ||    32
       Unarmed           |     6 |       |       |       |       ||     6
       Rapier            |    43 |    89 |       |       |       ||   132
       War axe           |       |    43 |   120 |   105 |       ||   268
       Staff             |       |       |       |       |   234 ||   234
Throw: Throwing net      |       |       |       |    12 |       ||    12
 Cast: Sandblast         |    37 |    72 |    88 |   150 |    77 ||   424
       Stone Arrow       |       |     4 |    30 |   232 |   269 ||   535
       Lee's Rapid Decon |       |       |       |    23 |    31 ||    54
       Fireball          |       |       |       |     3 |    12 ||    15
       Irradiate         |       |       |       |       |    43 ||    43
 Abil: Fly               |       |       |       |       |     1 ||     1
Evoke: Wand              |       |       |       |     2 |       ||     2
  Use: Scroll            |     4 |     4 |     8 |    12 |    10 ||    38
       Potion            |       |       |     1 |     8 |     2 ||    11
 Stab: Sleeping          |       |     3 |     1 |     2 |       ||     6
  Eat: Chunk             |     1 |     6 |     6 |    12 |    30 ||    55
       Ration            |       |       |     1 |     5 |     3 ||     9
Armor: Robe              |    30 |    71 |    57 |   148 |    90 ||   396
Dodge: Dodged            |    78 |   132 |   131 |   190 |   146 ||   677
Block: Buckler           |       |       |       |    64 |    53 ||   117
